[Event "Early-Titled-Tuesday-Blitz-February-06-2024"]
[Site "Chess.com"]
[Date "2024.02.06"]
[Round "4"]
[White "N_I_Chess"]
[Black "malakismayil"]
[Result "1-0"]
[WhiteElo "2346"]
[BlackElo "2489"]
[TimeControl "180+1"]
[EndTime "8:39:39 PST"]
[Termination "N_I_Chess won on time"]

1. d4 d5 2. c4 Nf6 3. cxd5 Nxd5 4. Nf3 Nc6 5. Bg5 h6 6. Bh4 g5 7. Bg3 e6 8. e3 Bb4+ 9. Nbd2 Qe7 10. Bb5 Bd7 11.
a3 Ba5 12. b4 Bxb4 13. axb4 Nc3 14. Bxc6 Nxd1 15. Bxd7+ Qxd7 16. Rxd1 f6 17. O-O c6 18.
Ne4 Kf7 19. Nd6+ Kg7 20. e4 h5 21. h4 g4 22. Ne1 Rad8 23. e5 f5 24. Nd3 Qe7 25.
Bf4 Rd7 26. Bg5 Qf8 27. Bf6+ Kg8 28. Nf4 Rhh7 29. Nxe6 Qb8 30. Ng5 Rh6 31. Nxf5 Rg6 32. e6 Rd5 33. Be5 Rxe5 34. dxe5 Qxe5 35. Ne7+ Kg7 36.
Nxg6 Kxg6 37. Rfe1 1-0

[Event "Early-Titled-Tuesday-Blitz-February-06-2024"]
[Site "Chess.com"]
[Date "2024.02.06"]
[Round "4"]
[White "Yaacovn"]
[Black "artooon"]
[Result "1/2-1/2"]
[WhiteElo "2836"]
[BlackElo "3050"]
[TimeControl "180+1"]
[EndTime "8:39:40 PST"]
[Termination "Game drawn - insufficient material"]

1. d4 Nf6 2. e3 d5 3. Bd3 g6 4. Nf3 Bg7 5. h3 O-O 6. O-O c5 7. c3 b6 8. Qe2 Bb7 9. Nbd2 Nc6 10. b3 Nd7 11. Ba6 Bxa6 12. Qxa6 e5 13. Ba3 Qc7 14. Rac1 Rfd8 15. Rfd1 e4 16. Ne1 Rac8 17. c4 Ndb8 18. Qa4 cxd4 19. cxd5 Rxd5 20. Qc4 Ra5 21. Nb1 dxe3 22. fxe3 Qg3 23. Qxe4 Bh6 24. Nf3 Rf5 25. Bb2 Rxf3 26. Rxc6 Nxc6 27. Qxf3 Bxe3+ 28. Kf1 Qxf3+ 29. gxf3 Rd8 30. Rxd8+ Nxd8 31. Ke2 Bc5 32. Kd3 Ne6 33. Bc1 f5 34. Kc4 Kf7 35. Nc3 Nd4 36. b4 Nxf3 37.
bxc5 bxc5 38. Nb5 g5 39. Nxa7 h5 40. a4 g4 41. hxg4 fxg4 42. Kd3 g3 43. Ke2 g2 44. Be3 g1=Q 45. Bxg1 Nxg1+ 46. Kf2 Nh3+ 47. Kg3 Ng5 48. Kh4 Ne4 49. Kxh5 c4 50. Nb5 c3 51.
Nxc3 Nxc3 52. a5 Nb5 53. a6 Ke6 54. Kg4 Na7 55. Kf3 Kd5 56. Kg4 Kc5 57. Kg3 Kb5 58.
Kf2 Kxa6 1/2-1/2

[Event "Early-Titled-Tuesday-Blitz-February-06-2024"]
[Site "Chess.com"]
[Date "2024.02.06"]
[Round "4"]
[White "Vaathi_Coming"]
[Black "Ind1anStar"]
[Result "1-0"]
[WhiteElo "2936"]
[BlackElo "2606"]
[TimeControl "180+1"]
[EndTime "8:39:40 PST"]
[Termination "Vaathi_Coming won on time"]

1. c3 d5 2. d4 Nf6 3. Nf3 e6 4. Bf4 Bd6 5. e3 O-O 6. Nbd2 c5 7. Ne5 Nc6 8. Bg3 Bxe5 9. dxe5 Nd7 10. Nf3 Qc7 11. Bd3 h6 12. O-O Ndxe5 13. Nxe5 Nxe5 14. c4 f6 15. Rc1 Qe7 16. cxd5 exd5 17. Bb1 d4 18.
exd4 cxd4 19. Qxd4 Nf7 20. Rc7 Qd8 21. Qc4 Qe8 22.
h3 Be6 23. Qc2 f5 24. Re1 Rc8 25. Qc3 Rxc7 26. Qxc7 Qd7 27. Qxd7 Bxd7 28. Re7 Bc8 29. Bc2 Rd8 30. Bb3 Rf8 31. Rc7 1-0

[Event "Early-Titled-Tuesday-Blitz-February-06-2024"]
[Site "Chess.com"]
[Date "2024.02.06"]
[Round "4"]
[White "Nick12772"]
[Black "Perecke"]
[Result "0-1"]
[WhiteElo "2390"]
[BlackElo "2599"]
[TimeControl "180+1"]
[EndTime "8:39:40 PST"]
[Termination "Perecke won on time"]

1. Nf3 d5 2. g3 g6 3. Bg2 Bg7 4. d4 Nf6 5. O-O O-O 6. c4 e6 7. cxd5 exd5 8. Nc3 c6 9. Bf4 Re8 10. Qd2 Nbd7 11. Bh6 Nf8 12. Bxg7 Kxg7 13. Ne5 N6d7 14. Nxd7 Bxd7 15. e4 dxe4 16. Nxe4 Be6 17. Nc5 Rb8 18. Rfe1 Bd5 19. Rxe8 Qxe8 20. Bxd5 cxd5 21. Re1 Qc6 22. Qf4 Rd8 23. Qe5+ Qf6 24. Nxb7 Qxe5 25. Rxe5 Rb8 26.
Nc5 Rxb2 27. a4 Ne6 28. Rxd5 Kf6 29. Rd7 Ng5 30. h4 Nh3+ 31. Kg2 Nxf2 32. Rxa7 Nd1+ 33. Kf3 Rf2+ 34. Ke4 Rg2 35. a5 Rxg3 36. Kd5 Ra3 37.
a6 h6 38. Ra8 g5 39. hxg5+ hxg5 40. Ne4+ Kf5 41. Nd6+ Kf6 42. Ra7 g4 43. Rxf7+ Kg6 44.
Ra7 g3 45. Ra8 Kh7 46. Ra7+ Kg6 47. Ra8 g2 48. Rg8+ Kh7 49. Rxg2 Ne3+ 50. Kc5 Nxg2 51. Kb6 Nf4 52. a7 Ne6 53. Nc4 Ra1 54. Na5 Rb1+ 55. Kc6 Nxd4+ 56. Kd5 Nb5 0-1

[Event "Early-Titled-Tuesday-Blitz-February-06-2024"]
[Site "Chess.com"]
[Date "2024.02.06"]
[Round "4"]
[White "RamonManon0g"]
[Black "YurasovMat-2012"]
[Result "1/2-1/2"]
[WhiteElo "2413"]
[BlackElo "2649"]
[TimeControl "180+1"]
[EndTime "8:39:40 PST"]
[Termination "Game drawn - insufficient material"]

1. e4 e5 2. Nf3 Nf6 3. d4 d6 4. dxe5 Nxe4 5. Bd3 Nc5 6. exd6 Bxd6 7. Qe2+ Be7 8. Bc4 O-O 9. h3 Re8 10. O-O Bf6 11. Qd1 Qxd1 12. Rxd1 Nc6 13. Nc3 Bf5 14.
Rd5 Be6 15. Rxc5 Be7 16. Rxc6 bxc6 17. Bxe6 fxe6 18. Ne5 c5 19. Be3 Rab8 20. Na4 Rb4 21. b3 Bf6 22. f4 g5 23. g3 gxf4 24. gxf4 Re4 25. Kf2 Rf8 26. Rg1+ Kh8 27. Nxc5 Rxf4+ 28. Bxf4 Bxe5 29. Nxe6 Rf6 30. Re1 Bxf4 31. Nxf4 Rxf4+ 32. Kg3 Rf7 33. Re2 Kg7 34. c4 Rd7 35. Re3 Kf6 36. Kf4 h5 37. a4 Rd1 38. b4 Rb1 39. b5 Rb4 40. Rc3 Rxa4 41. Ke4 Ra1 42. Kd5 a6 43. Kc6 axb5 44. cxb5 Ra7 45. Rc5 Kg6 46. h4 Kh6 47. Rg5 Ra4 48. Kxc7 Rxh4 49. Rc5 Rb4 50. b6 h4 51. b7 h3 52. Rc6+ Kg7 53. Rb6 Rxb6 54.
Kxb6 h2 55. b8=Q h1=Q 56. Qb7+ Qxb7+ 57. Kxb7 1/2-1/2

[Event "Early-Titled-Tuesday-Blitz-February-06-2024"]
[Site "Chess.com"]
[Date "2024.02.06"]
[Round "4"]
[White "MdChess1734"]
[Black "Kunalm64"]
[Result "0-1"]
[WhiteElo "2389"]
[BlackElo "2566"]
[TimeControl "180+1"]
[EndTime "8:39:40 PST"]
[Termination "Kunalm64 won on time"]

1. d4 Nf6 2. Bf4 b6 3. Nc3 Bb7 4. d5 e6 5. e4 Bb4 6. dxe6 fxe6 7. f3 O-O 8. Nh3 d5 9. exd5 exd5 10. a3 Re8+ 11. Be2 Bxc3+ 12. bxc3 Ba6 13. Ng1 Nh5 14. Qd2 Bxe2 15. Nxe2 Nxf4 16. Qxf4 Nd7 17. Kf2 Nf6 18. Rhe1 Rf8 19. Kg1 Qd7 20. Rad1 Qc6 21. Qd2 Qc5+ 22. Kh1 Qxa3 23. Nf4 c6 24. Ne6 Rf7 25. Qg5 Qd6 26. h4 Re8 27. Nd4 Rxe1+ 28. Rxe1 h6 29. Qg6 Qf4 30. h5 Qh4+ 31. Kg1 Qxe1+ 0-1

[Event "Early-Titled-Tuesday-Blitz-February-06-2024"]
[Site "Chess.com"]
[Date "2024.02.06"]
[Round "4"]
[White "jacky72"]
[Black "chess123456s"]
[Result "1/2-1/2"]
[WhiteElo "2806"]
[BlackElo "2545"]
[TimeControl "180+1"]
[EndTime "8:39:41 PST"]
[Termination "Game drawn by agreement"]

1. Nh3 d5 2. Nf4 e5 3. Nd3 e4 4. Nf4 Nc6 5. d3 exd3 6. cxd3 Nf6 7. g3 Bd6 8. Bg2 O-O 9. O-O Ne7 10. Nc3 c6 11. b3 Ng6 12. Nxg6 hxg6 13. Bb2 Re8 14. e4 dxe4 15. dxe4 Bg4 16. Qc2 Qc8 17. Rfe1 Bh3 18. Bh1 Be5 19. Rad1 Qc7 20. f4 Qb6+ 21. Qf2 Bc7 22.
Na4 Qa5 23. Qc5 b5 24. e5 bxa4 25. Qxa5 Bxa5 26. Bxc6 Bb6+ 27. Bd4 Ng4 28. bxa4 Bxd4+ 29. Rxd4 Red8 30. Rd6 Rac8 31. Bd7 Rc2 32. Bxg4 Rxd6 33. Bxh3 Rdd2 34. e6 fxe6 35. Bxe6+ Kh7 36. f5 Rg2+ 37. Kh1 Rxh2+ 38. Kg1 Rcg2+ 39. Kf1 Rxa2 40. fxg6+ Kxg6 41. Bxa2 Rxa2 42. Re6+ Kf5 43. Ra6 Kg4 44. Rg6+ Kf3 45. Ke1 Rxa4 46. Rxg7 a5 47. Kd2 Rg4 48. Ra7 Kxg3 49.
Rxa5 Rd4+ 1/2-1/2

[Event "Early-Titled-Tuesday-Blitz-February-06-2024"]
[Site "Chess.com"]
[Date "2024.02.06"]
[Round "4"]
[White "LornerAcosta"]
[Black "carloseduar100"]
[Result "1-0"]
[WhiteElo "2500"]
[BlackElo "2310"]
[TimeControl "180+1"]
[EndTime "8:39:41 PST"]
[Termination "LornerAcosta won on time"]

1. Nf3 Nf6 2. e3 g6 3. c4 Bg7 4. b3 O-O 5. Bb2 d6 6. d4 c5 7. Be2 cxd4 8. Nxd4 Nc6 9. O-O Nxd4 10. Qxd4 Nh5 11. Qd2 Bxb2 12. Qxb2 Nf6 13. Nc3 a6 14. Rfd1 b6 15. Rac1 Bb7 16. h3 Rc8 17. Na4 Bc6 18. Nc3 Qc7 19. Qa3 Qb7 20. Bf1 Rfd8 21. Qb4 h5 22.
Ne2 Qc7 23. Nd4 Bb7 24. Qa3 e6 25. Qb2 Ne4 26. Bd3 Qe7 27. Bxe4 Bxe4 28. f3 Bb7 29. Ne2 d5 30. cxd5 Rxc1 31. Qxc1 Rxd5 32. Rxd5 Bxd5 33. Qc8+ Kg7 34. Qxa6 Qc5 35. Qd3 e5 36. Qc3 Qd6 37.
Kf2 f6 38. Qd2 Qc6 39. Qd3 b5 40. Qc3 Qd6 41. a4 b4 42. Qd2 Qc5 43. Qd3 h4 44.
Ke1 g5 45. Kd2 Bf7 46. Qc2 Qd5+ 47. Qd3 Qxb3 48. Qxb3 Bxb3 49. a5 Bc4 50. Nc1 Kf7 51.
Nd3 b3 52. Nb2 Bf1 53. Nd3 Bxg2 54. e4 Bxf3 55. Ke3 Bd1 56. a6 1-0

[Event "Early-Titled-Tuesday-Blitz-February-06-2024"]
[Site "Chess.com"]
[Date "2024.02.06"]
[Round "4"]
[White "campochess"]
[Black "Nechitaylo_Nikita"]
[Result "0-1"]
[WhiteElo "2076"]
[BlackElo "2301"]
[TimeControl "180+1"]
[EndTime "8:39:41 PST"]
[Termination "Nechitaylo_Nikita won by resignation"]

1. e4 c5 2. b4 cxb4 3. d4 d5 4. e5 Nc6 5. a3 e6 6. axb4 Bxb4+ 7.
c3 Be7 8. Bd3 f6 9. Qh5+ Kf8 10.
f4 Bd7 11. Nf3 Be8 12. Qh3 f5 13. g4 fxg4 14. Qxg4 Bf7 15. f5 exf5 16. Bxf5 h5 17. Qg2 Nh6 18. Bh3 Ng4 19. O-O Kg8 20. Na3 Be6 21. Nc2 Kh7 22. Ne3 Qd7 23. Bxg4 hxg4 24.
Ne1 Rhf8 25. Nd3 Rxf1+ 26. Kxf1 Bh4 27. Kg1 Qf7 28. Bd2 Rf8 29. Rf1 Qe8 30. Rxf8 Qxf8 31. Nxg4 Qf5 32. Ngf2 Bxf2+ 33. Nxf2 a5 34. h3 a4 35. Ng4 a3 36. Qg3 Qb1+ 37. Kf2 a2 38. Qh4+ Kg8 39. Nf6+ gxf6 40. Qxf6 Qf5+ 41. Qxf5 Bxf5 0-1

[Event "Early-Titled-Tuesday-Blitz-February-06-2024"]
[Site "Chess.com"]
[Date "2024.02.06"]
[Round "4"]
[White "Makswolf200817"]
[Black "Zhigalko_Sergei"]
[Result "0-1"]
[WhiteElo "2721"]
[BlackElo "2944"]
[TimeControl "180+1"]
[EndTime "8:39:42 PST"]
[Termination "Zhigalko_Sergei won by resignation"]

1. d4 Nf6 2. c4 e6 3. g3 c5 4. d5 exd5 5. cxd5 d6 6. Nc3 g6 7.
Bg2 Bg7 8. Nf3 O-O 9. O-O Re8 10. Bf4 a6 11. a4 Nh5 12. Bg5 Qc7 13. Re1 Nd7 14.
e4 Rb8 15. h3 h6 16. Bd2 b5 17. axb5 axb5 18. Bf1 c4 19. b4 cxb3 20. Qxb3 b4 21. Nb5 Qb6 22. Rac1 Nc5 23. Qxb4 Nxg3 24. Nxd6 Qxd6 25.
Qxc5 Qxc5 26. Rxc5 Nxe4 27. Bf4 Rb4 28. Rc4 Rxc4 29. Bxc4 Bxh3 30. d6 Nf6 31. Ne5 Rd8 32. Nxf7 Rc8 33. Bb3 Kh7 34. Re7 Rb8 35. Bc4 Ng4 36.
Ne5 Rb1+ 0-1

[Event "Early-Titled-Tuesday-Blitz-February-06-2024"]
[Site "Chess.com"]
[Date "2024.02.06"]
[Round "4"]
[White "HansOnTwitch"]
[Black "Maxfan2008"]
[Result "1/2-1/2"]
[WhiteElo "3170"]
[BlackElo "2551"]
[TimeControl "180+1"]
[EndTime "8:39:42 PST"]
[Termination "Game drawn by repetition"]

1. e4 c5 2. Nf3 d6 3. d4 cxd4 4.
Nxd4 Nf6 5. Nc3 a6 6. h3 e5 7. Nb3 h5 8. Bg5 Be6 9. Qf3 Nbd7 10.
O-O-O Be7 11. Kb1 Rc8 12. Be2 g6 13. Bd2 b5 14. a3 Nb6 15. g4 Nc4 16. g5 Nd7 17. h4 Ndb6 18. Bc1 O-O 19. Qd3 Na4 20.
Nd5 Nab6 21. Nxe7+ Qxe7 22. f4 d5 23. Bf3 Rfd8 24.
exd5 Bf5 25. Be4 Rxd5 26. Bxf5 Rxd3 27. Bxd3 e4 28. Rhe1 e3 29. f5 Kh7 30. Nd4 Qe5 31. c3 Nd5 32. Rf1 Nf4 33. fxg6+ fxg6 34. Bc2 e2 35.
Nxe2 Nxe2 36. Rd7+ Kg8 37. Rf6 Nxa3+ 38. bxa3 Nxc3+ 39. Ka1 Na4+ 40. Kb1 Nc3+ 41. Ka1 Nd1+ 42. Kb1 Nc3+ 1/2-1/2

[Event "Early-Titled-Tuesday-Blitz-February-06-2024"]
[Site "Chess.com"]
[Date "2024.02.06"]
[Round "4"]
[White "wyharga"]
[Black "Mikhail_Golubev"]
[Result "1-0"]
[WhiteElo "2552"]
[BlackElo "2643"]
[TimeControl "180+1"]
[EndTime "8:39:42 PST"]
[Termination "wyharga won by resignation"]

1. e4 c5 2. Nf3 d6 3. Bb5+ Bd7 4.
Bxd7+ Nxd7 5. O-O Ngf6 6. Qe2 e6 7. c3 Be7 8. d4 O-O 9. e5 Ne8 10. Bf4 Rc8 11. exd6 Nxd6 12. dxc5 Nxc5 13. Rd1 Qb6 14. Na3 Nf5 15. Nc4 Qa6 16. b3 Rfd8 17. g3 b5 18. Nce5 Qb7 19. Rxd8+ Rxd8 20. Rd1 Rxd1+ 21. Qxd1 f6 22. Ng4 e5 23. Bc1 e4 24. Nd4 Nxd4 25. Qxd4 Nd3 26. Bd2 h5 27. Ne3 Bc5 28. Qd8+ Kh7 29.
Qe8 g6 30. Kf1 f5 31. h4 a6 32. Ke2 a5 33. Qe6 a4 34. f3 axb3 35. axb3 Bb6 36. fxe4 fxe4 37. Nd5 Bg1 38. Nf6+ Kg7 39. Nxe4 Nc5 40.
Qe5+ Kh7 41. Nxc5 Qg2+ 42. Kd3 Qf3+ 43. Kc2 Bxc5 44. Qxc5 Qe4+ 45. Kc1 Qh1+ 46. Kb2 Qg2 47. Qd6 1-0

[Event "Early-Titled-Tuesday-Blitz-February-06-2024"]
[Site "Chess.com"]
[Date "2024.02.06"]
[Round "4"]
[White "Mistango"]
[Black "IngOscarArdila"]
[Result "1-0"]
[WhiteElo "2458"]
[BlackElo "2202"]
[TimeControl "180+1"]
[EndTime "8:39:44 PST"]
[Termination "Mistango won by resignation"]

1. e4 e5 2. d4 d6 3. dxe5 dxe5 4.
Qxd8+ Kxd8 5. Bc4 f6 6. Nc3 c6 7.
f4 Nd7 8. Nf3 exf4 9. Bxf4 Bb4 10.
O-O-O Bxc3 11. bxc3 Ne7 12. Rhe1 Ng6 13. Bd6 b5 14. Be6 Ke8 15. Bxd7+ Bxd7 16. e5 Kf7 17. Bc5 Be6 18. Rd6 Bd5 19. e6+ Ke8 20. Nd4 Rd8 21. Nf5 Rg8 22. Rxd8+ Kxd8 23. e7+ Kd7 24. Nxg7 Bf7 25.
Nh5 Re8 26. Nxf6+ Kc7 27. g3 h5 28. h4 a5 29. a3 a4 30. Kd2 Nh8 31. Nxe8+ Bxe8 32. Rf1 Nf7 33. Rf5 Kd7 34. Rxh5 Ke6 35. Ke3 Ne5 36. Rh8 Kf7 37. Ke4 Ng6 38. Rh5 Ke6 39.
g4 Bf7 40. Rh6 Kd7 41. h5 Nh4 42. g5 Be8 43. g6 Ng2 44. Rh8 Bf7 45. gxf7 1-0

[Event "Early-Titled-Tuesday-Blitz-February-06-2024"]
[Site "Chess.com"]
[Date "2024.02.06"]
[Round "4"]
[White "ChainedDowntohell"]
[Black "AniJak"]
[Result "1-0"]
[WhiteElo "2558"]
[BlackElo "2385"]
[TimeControl "180+1"]
[EndTime "8:39:45 PST"]
[Termination "ChainedDowntohell won by resignation"]

1. d4 f5 2. Bf4 Nf6 3. e3 g6 4. Nf3 Bg7 5. Bc4 d5 6. Bd3 c6 7. h4 h6 8. c4 Ng4 9. Nc3 Be6 10.
Qb3 Qb6 11. c5 Qxb3 12. axb3 O-O 13. b4 Nd7 14. b5 Rfc8 15. bxc6 bxc6 16. Ba6 Rf8 17.
Bb7 Rad8 18. Bxc6 Ndf6 19. Rxa7 Ne4 20. Rxe7 Nexf2 21. Rf1 Nd3+ 22. Kd2 Nxf4 23. exf4 Bf7 24. Ne5 Bf6 25. Rxf7 Rxf7 26. Nxf7 Kxf7 27. Kd3 Bxh4 28. b4 Nf2+ 29. Rxf2 Bxf2 30. b5 Bg3 31. Nxd5 g5 32.
fxg5 hxg5 33. b6 g4 34. Ne3 Kf6 35. b7 Bb8 36. d5 Kg5 37. d6 f4 38. Nc4 f3 39.
gxf3 g3 40. f4+ Kxf4 41. Bg2 Rh8 42. c6 Kf5 43. c7 Ke6 44. c8=Q+ Rxc8 45. bxc8=Q+ 1-0

[Event "Early-Titled-Tuesday-Blitz-February-06-2024"]
[Site "Chess.com"]
[Date "2024.02.06"]
[Round "4"]
[White "SoyuzTM4"]
[Black "falzehope0"]
[Result "1-0"]
[WhiteElo "2205"]
[BlackElo "2357"]
[TimeControl "180+1"]
[EndTime "8:39:45 PST"]
[Termination "SoyuzTM4 won by checkmate"]

1. e4 d5 2. exd5 Nf6 3. Nc3 g6 4. Bc4 Bg7 5. Nge2 O-O 6. O-O Nbd7 7. Nf4 a6 8. a4 b6 9. Re1 Bb7 10. Qe2 Re8 11. d4 Nf8 12. h4 Qd7 13. h5 Qf5 14.
hxg6 hxg6 15. Qe5 Qd7 16. Qg5 N8h7 17. Qg3 g5 18. Nd3 Nxd5 19. Bxg5 Nxg5 20. Qxg5 Nxc3 21. bxc3 e6 22. Re3 Qe7 23. Qg4 Qf6 24. Ne5 c5 25.
Rg3 Re7 26. Re1 Kf8 27. Qh5 Qh6 28. Qe2 Bxe5 29. Qxe5 Rd8 30. Rh3 f6 31. Rxh6 fxe5 32. Rh8+ Kg7 33. Rxd8 exd4 34. cxd4 b5 35. axb5 axb5 36.
Bxb5 cxd4 37. Rxd4 Kf6 38. Rd7 Bd5 39. Rxe7 Kxe7 40. c4 Bb7 41. f4 Kd6 42. Kf2 Ba8 43.
g4 Bb7 44. g5 Bc8 45. g6 Ke7 46. Rg1 Kf6 47. g7 Bb7 48. g8=Q Be4 49. Qf8# 1-0

[Event "Early-Titled-Tuesday-Blitz-February-06-2024"]
[Site "Chess.com"]
[Date "2024.02.06"]
[Round "4"]
[White "Eagle_2019"]
[Black "NikoTheodorou"]
[Result "1-0"]
[WhiteElo "2869"]
[BlackElo "3058"]
[TimeControl "180+1"]
[EndTime "8:39:46 PST"]
[Termination "Eagle_2019 won by resignation"]

1. c4 b6 2. Nc3 Bb7 3. d4 g6 4.
Nf3 Bg7 5. Bf4 d6 6. e3 Nd7 7. h3 e5 8. Bh2 Ne7 9. Be2 exd4 10.
exd4 O-O 11. O-O Nf5 12. Re1 Re8 13. d5 Nc5 14. Qd2 a5 15. Bf1 Qd7 16. Rad1 h5 17. Nb5 Rxe1 18. Rxe1 c6 19. Nc3 Re8 20. Rxe8+ Qxe8 21. dxc6 Bxc6 22. Nd5 Ne4 23. Qe2 Bxd5 24. cxd5 Kf8 25.
b3 Nc3 26. Qc4 Ne4 27. Qc6 Qd8 28. Bd3 Ng5 29. Nxg5 Qxg5 30. Qc8+ Ke7 31. Qc7+ Kf8 32. Bxf5 gxf5 33. Qb8+ Ke7 34. Bxd6+ Kf6 35. Qd8+ Kg6 36. Qxg5+ Kxg5 37. Be7+ Bf6 38. d6 Kg6 39. Kf1 f4 40. Ke2 Kf5 41. Bxf6 Kxf6 42. Kf3 Ke6 43. Kxf4 Kxd6 44. Kg5 Kc5 45. Kxh5 Kb4 46. Kg5 Ka3 47. h4 Kxa2 48. h5 a4 49. bxa4 1-0

[Event "Early-Titled-Tuesday-Blitz-February-06-2024"]
[Site "Chess.com"]
[Date "2024.02.06"]
[Round "4"]
[White "Vaibhavraut99"]
[Black "Herzog2012"]
[Result "1-0"]
[WhiteElo "2727"]
[BlackElo "2526"]
[TimeControl "180+1"]
[EndTime "8:39:46 PST"]
[Termination "Vaibhavraut99 won on time"]

1. d4 Nf6 2. Nf3 e6 3. g3 Be7 4. Bg2 O-O 5. O-O d5 6. c4 dxc4 7. Qc2 a6 8. a4 Bd7 9. Qxc4 Bc6 10. Bg5 h6 11. Bxf6 Bxf6 12. Nc3 Bxf3 13. Bxf3 c6 14. e3 a5 15. Rac1 Na6 16. Rfd1 Nb4 17. Ne4 Qe7 18. Qc5 Qxc5 19. Nxc5 Ra7 20. Kg2 Be7 21.
Nb3 Rd8 22. Be4 Kf8 23. h4 Bf6 24. Rc5 b6 25. Rcc1 Rd6 26. Nd2 b5 27. axb5 cxb5 28. Rc5 Rb6 29. Ra1 a4 30. Nb1 Na6 31. Rc8+ Ke7 32.
Na3 Kd7 33. Rac1 Rc7 34. R8xc7+ Nxc7 35. Bd3 Be7 36. Nc2 Nd5 37. e4 Nb4 38. Nxb4 Bxb4 39. d5 exd5 40. exd5 Bd6 41. Bf5+ Ke7 42. Re1+ Kd8 43.
Bc2 a3 44. bxa3 Bxa3 45. Bb3 Bd6 46. Ra1 Ke7 47. Ra7+ Kf6 48. Kf3 g5 49. h5 Ke5 50.
Rxf7 Bc5 51. Kg4 Rf6 52. f4+ gxf4 53. gxf4+ 1-0

[Event "Early-Titled-Tuesday-Blitz-February-06-2024"]
[Site "Chess.com"]
[Date "2024.02.06"]
[Round "4"]
[White "Barmen_EV"]
[Black "NikitaShnadrygin"]
[Result "1/2-1/2"]
[WhiteElo "2510"]
[BlackElo "2689"]
[TimeControl "180+1"]
[EndTime "8:39:46 PST"]
[Termination "Game drawn by repetition"]

1. e4 c5 2. Nf3 e6 3. c3 Nf6 4. e5 Nd5 5. d4 cxd4 6. cxd4 d6 7.
Bd3 Nb4 8. Bb5+ Bd7 9. Bxd7+ Nxd7 10. exd6 Bxd6 11. O-O O-O 12. Nc3 Rc8 13. Re1 h6 14. a3 Nd5 15. Nxd5 exd5 16. Qb3 Nb6 17. Ne5 Re8 18. Bf4 Qf6 19. Bg3 Re6 20. a4 Qe7 21. f4 f5 22. a5 Nc4 23. Nxc4 dxc4 24. Qb5 Rxe1+ 25. Rxe1 Qf7 26. a6 b6 27. h4 Kh7 28.
Re2 c3 29. bxc3 Rxc3 30. Kh2 Qg6 31. Bf2 Bxf4+ 32. Kg1 Qg4 33. Re1 Rc2 34. Qd3 Rd2 35.
Qc3 Ra2 36. Qb3 Rd2 37. Qc3 Qg6 38. Qf3 Qg4 39. Qc3 1/2-1/2

[Event "Early-Titled-Tuesday-Blitz-February-06-2024"]
[Site "Chess.com"]
[Date "2024.02.06"]
[Round "4"]
[White "jk13"]
[Black "stasOR4ik"]
[Result "1-0"]
[WhiteElo "2649"]
[BlackElo "2404"]
[TimeControl "180+1"]
[EndTime "8:39:46 PST"]
[Termination "jk13 won by checkmate"]

1. h4 d5 2. d4 Nf6 3. c3 c5 4. h5 cxd4 5. cxd4 Nc6 6. Nc3 Qb6 7.
Nf3 Bg4 8. h6 Bxf3 9. hxg7 Bxg7 10. gxf3 Qxd4 11. Qb3 O-O-O 12. Bg5 Qb4 13. Qxb4 Nxb4 14.
Rc1 Nc6 15. Nb5 Kb8 16. Rg1 Rhg8 17. Be3 d4 18. Bf4+ e5 19. Bd2 a6 20. Na3 Bf8 21.
Rh1 Bb4 22. Nc4 e4 23. fxe4 Nxe4 24. Bxb4 Nxb4 25. a3 d3 26. axb4 d2+ 27. Nxd2 Rxd2 28. f3 Ng3 29. Rg1 Rdd8 30. Rc4 Nf5 31. Rh1 Rd1+ 32.
Kf2 Nd6 33. Rch4 Rb1 34. Rh6 Rxb2 35. Rxd6 Rxb4 36. Rxh7 Rf4 37. Rd7 Rf8 38. e3 Rf6 39. f4 b5 40. Bg2 Kc8 41. Ra7 Kb8 42.
Ra8+ Kc7 43. Rxf8 b4 44. Rfxf7+ Rxf7 45. Rxf7+ Kb6 46. Ke2 Kb5 47. Kd3 a5 48. Bd5 a4 49.
Rb7+ Kc5 50. e4 b3 51. f5 Kd6 52. Kd4 b2 53. e5# 1-0

[Event "Early-Titled-Tuesday-Blitz-February-06-2024"]
[Site "Chess.com"]
[Date "2024.02.06"]
[Round "4"]
[White "OneTrickPony_82"]
[Black "carokannlover213"]
[Result "0-1"]
[WhiteElo "2548"]
[BlackElo "2772"]
[TimeControl "180+1"]
[EndTime "8:39:47 PST"]
[Termination "carokannlover213 won by resignation"]

1. d4 Nf6 2. c4 g6 3. Nc3 Bg7 4. e4 d6 5. Nf3 O-O 6. Be2 Bg4 7. Be3 Bxf3 8. Bxf3 Nc6 9. d5 Nb8 10. h4 h5 11. Be2 c6 12. Qd2 cxd5 13. exd5 Nbd7 14. O-O a6 15. Rfe1 Rc8 16. Rac1 Ne5 17. b3 Qd7 18. f3 Nh7 19. Bf1 f5 20. Bd4 Bf6 21. Qf2 Qd8 22. a4 Kg7 23. g3 Qd7 24. Ne2 g5 25. hxg5 Nxg5 26. Bxe5 dxe5 27. Bg2 Qd6 28. f4 Nf7 29. fxe5 Nxe5 30. Nf4 Ng4 31. Qd2 Kf7 32. Bf3 h4 33. Bxg4 fxg4 34. Rf1 hxg3 35. Ne6 Rh8 36. Qf4 Qb6+ 37. c5 Qxb3 38. Qxg4 Qxd5 39. Qg7+ Kxe6 40. Rce1+ Kd7 41. Qg4+ Kc7 42. Qxg3+ Kc6 43. Rxf6+ exf6 0-1

[Event "Early-Titled-Tuesday-Blitz-February-06-2024"]
[Site "Chess.com"]
[Date "2024.02.06"]
[Round "4"]
[White "NovozhilovSemen"]
[Black "MFatigue"]
[Result "1-0"]
[WhiteElo "2684"]
[BlackElo "2450"]
[TimeControl "180+1"]
[EndTime "8:39:47 PST"]
[Termination "NovozhilovSemen won on time"]

1. d4 d5 2. c4 c6 3. Nf3 Nf6 4. e3 e6 5. b3 Nbd7 6. Bd3 Bd6 7. Bb2 O-O 8. Ne5 Qc7 9. f4 Ne4 10. O-O f6 11. Nf3 e5 12. dxe5 fxe5 13. Bxe4 dxe4 14. Ng5 Nf6 15. Nc3 exf4 16. Ncxe4 Be5 17. Bxe5 Qxe5 18. Rxf4 Nxe4 19. Rxf8+ Kxf8 20. Qd8+ Qe8 21. Qxe8+ Kxe8 22. Nxe4 Ke7 23. Rf1 Be6 24. Nc5 b6 25. Nxe6 Kxe6 26. Kf2 Rd8 27. Ke2 Rd7 28. Rf8 h6 29. g4 Ke5 30. h4 Re7 31. g5 hxg5 32. hxg5 c5 33.
Kf3 Rd7 34. Ke2 Re7 35. a3 Ke4 36. b4 cxb4 37. axb4 Rc7 38. Rf4+ Ke5 39. Kf3 a5 40.
bxa5 1-0

[Event "Early-Titled-Tuesday-Blitz-February-06-2024"]
[Site "Chess.com"]
[Date "2024.02.06"]
[Round "4"]
[White "Alexchess1984"]
[Black "korkmaz16"]
[Result "0-1"]
[WhiteElo "2648"]
[BlackElo "2516"]
[TimeControl "180+1"]
[EndTime "8:39:48 PST"]
[Termination "korkmaz16 won on time"]

1. e4 e6 2. d4 d5 3. e5 c5 4.
c3 Nc6 5. Nf3 Qb6 6. Be2 cxd4 7.
cxd4 Nge7 8. Na3 Nf5 9. Nc2 Bd7 10. a3 Na5 11. O-O Bb5 12. b4 Nb3 13. Rb1 Nxc1 14.
Rxc1 Be7 15. Re1 O-O 16. g4 Nh4 17. Nxh4 Bxh4 18. Bxb5 Qxb5 19. Re3 Bg5 20. a4 Qd7 21. b5 Rac8 22. Rb1 Bxe3 23. Nxe3 Rc3 24. h4 Rfc8 25. Kg2 Qc7 26. g5 Rc1 27. Rxc1 Qxc1 28. Qg4 Qb1 29. h5 Rc1 30. Kf3 Rg1 31. Qf4 Qe4+ 32. Qxe4 dxe4+ 33. Kf4 Ra1 34. Kxe4 Rxa4 35. f4 Rb4 36. f5 Rxb5 37. Nc4 a5 38. Nd6 Rb4 39. g6 hxg6 40. hxg6 exf5+ 41. Kxf5 Rxd4 42. gxf7+ Kf8 43. Ke6 b6 44. Nb5 Rf4 45. Nd6 a4 46. Kd7 Rf3 47. e6 Re3 48. Nf5 a3 49. Nxe3 a2 50.
e7+ Kxf7 51. e8=Q+ Kf6 52. Nd5+ Kf5 53. Qe1 a1=Q 54. Qxa1 Ke4 55. Nxb6 g5 56. Qg1 g4 0-1

[Event "Early-Titled-Tuesday-Blitz-February-06-2024"]
[Site "Chess.com"]
[Date "2024.02.06"]
[Round "4"]
[White "Fandorine"]
[Black "mjray79"]
[Result "1-0"]
[WhiteElo "2963"]
[BlackElo "2723"]
[TimeControl "180+1"]
[EndTime "8:39:49 PST"]
[Termination "Fandorine won by resignation"]

1. Nf3 d5 2. e3 Nf6 3. c4 dxc4 4. Bxc4 e6 5. O-O c5 6. b3 Nc6 7. Bb2 Be7 8. d4 cxd4 9. Nxd4 Nxd4 10. Qxd4 Bd7 11.
Nc3 Bc6 12. Qf4 O-O 13. Rfd1 Qa5 14. a3 Qh5 15. Qg3 Rfd8 16. Be2 Qg6 17. Qxg6 hxg6 18. b4 a6 19. f3 Nd5 20. Nxd5 Bxd5 21. Rac1 Rac8 22.
Kf2 Bf6 23. Bxf6 gxf6 24. e4 Bc6 25. Rxd8+ Rxd8 26. Bxa6 Rd2+ 27. Ke1 Rxg2 28. b5 Bd7 29. Rc7 bxa6 30. bxa6 Ra2 31. Rxd7 Rxa3 32. a7 Kg7 33.
Kd2 g5 34. Kc2 f5 35. e5 f4 36. Kb2 Ra5 37. h3 Kg6 38. Kb3 f6 39. Kb4 Ra1 40.
exf6 Kxf6 41. Kb5 e5 42. Kb6 e4 43. fxe4 Ke5 44. Rd5+ Kxe4 45. Ra5 Rb1+ 46. Kc7 Rc1+ 47.
Kd7 Rd1+ 48. Ke7 1-0